 Dungeon Crawl Stone Soup version 0.22-a0-458-gb446440d2e (webtiles) character file.

41 Kriby the Skirmisher (level 3, -2/43 HPs)
             Began as a Human Abyssal Knight on June 8, 2018.
             Was a Follower of Lugonu.
             Slain by Terence
             ... wielding a +0 flail
              (6 damage)
             ... on level 2 of the Dungeon.
             The game lasted 00:01:07 (1944 turns).

Kriby the Skirmisher (Human Abyssal Knight)         Turns: 1944, Time: 00:01:08

Health: -2/43      AC:  4    Str: 18    XL:     3   Next: 75%
Magic:  4/4        EV: 11    Int: 12    God:    Lugonu [*.....]
Gold:   121        SH:  0    Dex: 12    Spells: 2/2 levels left

rFire    . . .     SeeInvis .   a - +1 hand axe
rCold    + . .     Gourm    .   (no shield)
rNeg     . . .     Faith    .   b - +0 leather armour
rPois    .         Spirit   .   (no helmet)
rElec    .         Reflect  .   d - +0 cloak
rCorr    .         Harm     +   (no gloves)
MR       .....                  (no boots)
Stlth    ..........             n - amulet of harm
HPRegen  0.14/turn              c - ring of protection from cold
MPRegen  0.09/turn              (no ring)

@: berserking, very quick
A: no striking features
a: Depart the Abyss, Renounce Religion


You were on level 2 of the Dungeon.
You worshipped Lugonu.
Lugonu was aware of your devotion.
You were very hungry.

You visited 1 branch of the dungeon, and saw 2 of its levels.
You visited the Abyss 1 time.

You collected 121 gold pieces.

Inventory:

Hand Weapons
 a - a +1 hand axe (weapon)
Armour
 b - a +0 leather armour (worn)
 d - a +0 cloak (worn)
Jewellery
 c - a ring of protection from cold (left hand)
 n - an amulet of harm (around neck)
Scrolls
 f - a scroll of remove curse {unknown}
 j - 3 scrolls of identify {unknown}
 k - a scroll of magic mapping {unknown}
 l - a scroll of enchant armour {unknown}
Potions
 h - a potion of degeneration {unknown}
 i - a potion of mutation {unknown}
 m - a potion of brilliance {unknown}
Comestibles
 e - 8 rations {@e1}


   Skills:
 + Level 3.5 Fighting
 * Level 3.3 Axes
 - Level 2.0 Armour
 - Level 1.0 Dodging
 - Level 2.0 Invocations


You had 2 spell levels left.
You didn't know any spells.
Your spell library was empty.

Dungeon Overview and Level Annotations

Branches:
Dungeon (2/15)

Altars:

Annotations:
D:2 Terence


Message History

Terence hits you but does no damage.
You closely miss Terence.
Terence is lightly wounded.
Terence completely misses you.
You barely miss Terence.
Terence is lightly wounded.
Terence hits you with a flail!
* * * LOW HITPOINT WARNING * * *
It was a potion of berserk rage.
A red film seems to cover your vision as you go berserk!
You feel yourself moving faster!
You feel mighty! Terence barely misses you.
You hit Terence but do no damage.
Terence is lightly wounded.
You hit Terence.
Terence is moderately wounded.
Terence closely misses you.
You barely miss Terence.
Terence is moderately wounded.
Terence hits you with a flail.
You die...

##.####.#'#.........#.#
#.# #.#.#.#########.#
#.# #.#.............#
#.####.###.###########
#......# #.# ########
#.####### #.......#
######.## #@# #@# #.#
#.# #'# ... .....
......# .......#


You could see Terence.

Vanquished Creatures
  An adder (D:2)
  An ooze (D:2)
  A dart slug (D:1)
  A giant cockroach (D:2)
  4 hobgoblins (D:1)
  2 ball pythons
  2 bats
  2 frilled lizards (D:1)
  3 goblins (D:1)
  4 kobolds
  8 rats
29 creatures vanquished.

Notes
Turn   | Place    | Note
-------+----------+-------------------------------------------
     0 | Abyss:1  | Kriby the Human Abyssal Knight began the quest for the Orb.
     0 | Abyss:1  | Reached XP level 1. HP: 18/18 MP: 2/2
    39 | Abyss:1  | Noticed a hell knight
    39 | Abyss:1  | Noticed a wretched star
    40 | D:1      | Escaped the Abyss
   112 | D:1      | Reached * piety under Lugonu
   179 | D:1      | Reached XP level 2. HP: 23/24 MP: 3/3
  1116 | D:1      | Reached XP level 3. HP: 24/29 MP: 4/4
  1925 | D:2      | Noticed Terence
  1944 | D:2      | Slain by Terence

Vault maps used:
D:1:      nicolae_arrival_memento_mori
D:2:      dk_vineyard_3, uniq_terence

Skill      XL: |  1  2  3 |
---------------+----------+-----
Axes           | 3 |  3.3
Fighting       | |  3.5
Armour         | |  2.0
Dodging        | |  1.0
Invocations    | |  2.0

Action                   || total
-------------------------++-------
Melee: Hand axe          ||   107
Invok: Depart the Abyss  ||     1
  Use: Scroll            ||     1
       Potion            ||     1
 Stab: Sleeping          ||     1
  Eat: Chunk             ||     2
Armor: Leather armour    ||    39
Dodge: Dodged            ||    59

Table legend:
 A = Spawn XP
 B = Non-spawn XP
 C = Spawn XP percentage of total XP
 D = Spawn monster count
 E = Non-spawn monster count
 F = Spawn count percentage of total count
 G = Total turns spent on level
                    A         B        C        D         E        F      G
               +---------+---------+-------+---------+---------+-------+---------
         Total |       0 |      59 |   0.0 |       0 |      29 |   0.0 |  1944
               +---------+---------+-------+---------+---------+-------+---------
           D:1 |       0 |      30 |   0.0 |       0 |      21 |   0.0 |  1290
           D:2 |       0 |      29 |   0.0 |       0 |       8 |   0.0 |   614
               +---------+---------+-------+---------+---------+-------+---------
